 Dungeon Crawl Stone Soup version 0.29.1-1-gd02db6906a (webtiles) character file.

Game seed: 9381272935278540369

32 MisterFreud the Covert (level 3, 0/35 HPs)
             Began as a Gnoll Delver on Sept 15, 2022.
             Was an Initiate of Yredelemnul.
             Slain by a kobold brigand
             ... wielding a +0 club
              (5 damage)
             ... on level 4 of the Dungeon.
             The game lasted 00:02:24 (1007 turns).

MisterFreud the Covert (Gnoll Delver)               Turns: 1007, Time: 00:02:24

Health: 0/35       AC:  3    Str: 11    XL:     3   Next: 27%
Magic:  4/4        EV: 13    Int: 11    God:    Yredelemnul [......]
Gold:   11         SH:  0    Dex: 13    Spells: 3/3 levels left

rFire   . . .      SeeInvis .   k - +1 dagger (elec)
rCold   . . .      Faith    .   (no shield)
rNeg    . . .      Spirit   .   b - +0 leather armour
rPois   .          Reflect  .   (no helmet)
rElec   .          Harm     .   (no cloak)
rCorr   .          Rampage  .   (no gloves)
Will    .....                   (no boots)
Stlth   ++++......              (no amulet)
HPRegen 0.11/turn               (no ring)
MPRegen 0.09/turn               (no ring)

@: no status effects
A: fangs 1, strong nose, distributed training
a: Renounce Religion, Recall Undead Harvest


You were on level 4 of the Dungeon.
You worshipped Yredelemnul.
Yredelemnul was noncommittal.
You visited 2 branches of the dungeon, and saw 4 of its levels.
You also visited: Ossuary.

You collected 11 gold pieces.

Inventory:

Hand Weapons
 a - a +0 short sword
 k - a +1 dagger of electrocution (weapon)
Missiles
 d - 2 poisoned darts (quivered)
Armour
 b - a +0 leather armour (worn)
Wands
 g - a wand of digging (3)
Scrolls
 c - a scroll of fog
 i - a scroll of identify {unknown}
 j - a scroll of acquirement {unknown}
Potions
 e - a potion of brilliance {unknown}
 f - 2 potions of haste
 h - a potion of berserk rage {unknown}
 l - a potion of lignification {unknown}


   Skills:
 + Level 6.5 Fighting
 + Level 4.5 Short Blades
 + Level 0.7 Long Blades
 + Level 0.7 Axes
 + Level 0.7 Maces & Flails
 + Level 0.7 Polearms
 + Level 0.7 Staves
 + Level 0.7 Ranged Weapons
 + Level 0.7 Throwing
 + Level 0.7 Armour
 + Level 4.5 Dodging
 + Level 9.5 Stealth
 + Level 0.7 Shields
 + Level 0.7 Unarmed Combat
 + Level 0.7 Spellcasting
 + Level 0.5 Conjurations
 + Level 0.5 Hexes
 + Level 0.5 Summonings
 + Level 0.5 Necromancy
 + Level 0.5 Translocations
 + Level 0.5 Transmutations
 + Level 0.5 Fire Magic
 + Level 0.5 Ice Magic
 + Level 0.5 Air Magic
 + Level 0.5 Earth Magic
 + Level 0.5 Poison Magic
 + Level 0.9 Invocations
 + Level 0.7 Evocations


You had 3 spell levels left.
You didn't know any spells.
Your spell library was empty.

Dungeon Overview and Level Annotations

Branches:
Dungeon (6/15)             Temple (1/1) D:5         Ossuary (visited)

Altars:
Ashenzari
Cheibriados
Gozag
Okawaru
Qazlal
Uskayaw
Vehumet
Wu Jian
Yredelemnul


Innate Abilities, Weirdness & Mutations

You have very sharp teeth.
Your uncanny sense of smell can sniff out nearby items.
Your experience applies equally to all skills.


Message History

You hit the kobold brigand.
The kobold brigand is lightly wounded.
The kobold brigand hits you with a +0 club!
The kobold hits you but does no damage.
You hit the kobold brigand.
Lightning courses through the kobold brigand!
The kobold brigand is heavily wounded.
You barely miss the kobold brigand.
The kobold brigand is heavily wounded.
The kobold brigand barely misses you. The kobold completely misses you.
You hit the kobold brigand but do no damage.
Your bite misses the kobold brigand.
The kobold brigand is heavily wounded.
The kobold brigand hits you with a +0 club.
The kobold closely misses you.
You hit the kobold brigand but do no damage.
The kobold brigand is heavily wounded.
The kobold hits the plant with a +0 short sword.
The plant begins to die.
The kobold brigand barely misses you. The kobold closely misses you.
You hit the kobold brigand.
The kobold brigand is severely wounded.
You closely miss the kobold brigand.
The kobold brigand is severely wounded.
The kobold hits the plant with a +0 short sword.
The kobold brigand completely misses you.
The kobold misses you.
You hit the kobold brigand but do no damage.
The kobold brigand is severely wounded.
The kobold hits the plant with a +0 short sword.
The kobold brigand hits you with a +0 club.
* * * LOW HITPOINT WARNING * * *
The kobold hits you with a +0 dagger.
* * * LOW HITPOINT WARNING * * *
You barely miss the kobold brigand.
The kobold brigand is severely wounded.
The kobold hits the plant with a +0 short sword.
The kobold brigand hits you with a +0 club.
You die...
Your body rises from the dead as a mindless zombie.

*,*,*****,*,..#.#.###.#......#
,,*,**,,,,*,..........#......#
***,**,****,#...###...#......#
,,*,**,,,,,,#**** #♣..#......#
*,*,**,,***** #♣♣..#######.#
,,,,**,,,**,** ##P.♣.# *.#
*,*****,,*,,,*##P..♣## *,* ,,*
****,,*##P....# *,* ***
**,**#KK@..## *,* *,,*#.KKP♣##
*,* *******,#♣K♣P#* *,*
**,,,*,**♣KK♣K.***** *,*
**,,*,,,,.KK,KK.,*,,* *,*
*,,,*,,,..KK,K..♣,*,** *,***
***,,*,,,....,†....,,*,*** *,,,*
*,,,*,,,,....,.....,,*,,,*****,*
,,,,,,,,,,,,,,,K,,,,,,*,**,,*,,*


You could see a kobold brigand and 14 kobolds.

Vanquished Creatures
  An iguana (D:5)
  2 orcs (D:5)
  A gnoll zombie (Ossuary)
  4 kobolds (D:4)
8 creatures vanquished.

Vanquished Creatures (others)
  A kobold zombie (D:4)
  11 plants (D:4)
12 creatures vanquished.

Grand Total: 20 creatures vanquished

Notes
Turn   | Place    | Note
-------+----------+-------------------------------------------
     0 | D:5      | Reached skill level 9 in Stealth
     0 | D:5      | MisterFreud the Gnoll Delver began the quest for the Orb.
     0 | D:5      | Reached XP level 1. HP: 23/23 MP: 1/1
     6 | D:5      | Found a staircase to the Ecumenical Temple.
    12 | D:5      | Noticed an ice beast
    32 | D:5      | Noticed an iguana
   296 | D:5      | Noticed a hound
   298 | D:5      | Killed an iguana
   299 | D:5      | Reached XP level 2. HP: 29/29 MP: 2/2
   299 | D:5      | Reached XP level 3. HP: 35/35 MP: 3/3
   422 | Temple   | Entered the Ecumenical Temple
   576 | Temple   | Became a worshipper of Yredelemnul the Dark
   639 | D:4      | Found a sand-covered staircase.
   644 | Ossuary  | Entered an ossuary
   983 | D:4      | Noticed a kobold brigand
  1007 | D:4      | Slain by a kobold brigand

Illustrated notes

Levels and vault maps discovered:
D:4:      kennysheep_kobold_camp, layout_basic,
          lightli_ossuary_entry_decrepit_ruins
D:5:      layout_gridville, minmay_temple_entry_slanted
D:6:      kennysheep_steamy, layout_basic
Temple:   mainiacjoe_temple_big_plus

Skill      XL: | |
---------------+-+-----
Stealth        | |  9.5
Fighting       | |  6.5
Short Blades   | |  4.5
Long Blades    | |  0.7
Axes           | |  0.7
Maces & Flails | |  0.7
Polearms       | |  0.7
Staves         | |  0.7
Ranged Weapons | |  0.7
Throwing       | |  0.7
Armour         | |  0.7
Dodging        | |  4.5
Shields        | |  0.7
Unarmed Combat | |  0.7
Spellcasting   | |  0.7
Conjurations   | |  0.5
Hexes          | |  0.5
Summonings     | |  0.5
Necromancy     | |  0.5
Translocations | |  0.5
Transmutations | |  0.5
Fire Magic     | |  0.5
Ice Magic      | |  0.5
Air Magic      | |  0.5
Earth Magic    | |  0.5
Poison Magic   | |  0.5
Invocations    | |  0.9
Evocations     | |  0.7

Action                   || total
-------------------------++-------
Melee: Short sword       ||    29
       Bite              ||     7
       Dagger            ||    27
  Use: Scroll            ||     2
 Stab: Sleeping          ||     1
Armor: Leather armour    ||     6
Dodge: Dodged            ||    32
